 Dungeon Crawl Stone Soup version 0.26.1-2-gb8aa6d0cf2 (webtiles) character file.

Game seed: 10916939308659552545

2075 Elvor the Basher (level 9, 0/52 HPs)
             Began as a Gargoyle Warper on Mar 4, 2021.
             Slain by a killer bee (1 damage)
             ... on level 6 of the Dungeon.
             The game lasted 01:14:42 (6961 turns).

Elvor the Basher (Gargoyle Warper)                  Turns: 6961, Time: 01:14:42

Health: 0/52       AC: 28    Str: 20    XL:     9   Next: 26%
Magic:  0/12       EV:  4    Int: 14    God:
Gold:   210        SH:  8    Dex:  9    Spells: 7/12 levels left

rFire    . . .     SeeInvis .   k - +0 flail (drain)
rCold    + . .     Faith    .   c - +0 kite shield
rNeg     + + .     Spirit   +   w - +8 plate armour of the Prince of Darkness {Str+2}
rPois    ∞         Reflect  .   d - +2 hat of the Bear Spirit {Spirit, +Rage rN+ Will++}
rElec    +         Harm     .   (no cloak)
rCorr    +         Rampage  .   (no gloves)
Will     ++...                  (no boots)
Stlth    ..........             h - amulet of guardian spirit
HPRegen  0.17/turn              p - ring of resist corrosion
MPRegen  0.13/turn              v - ring of protection from cold

@: about to teleport
A: negative energy resistance 1, electricity resistance, unbreathing,
petrification resistance, miasma immunity, AC +6
a: Evoke Berserk Rage


You were on level 6 of the Dungeon.
You visited 2 branches of the dungeon, and saw 8 of its levels.

You collected 210 gold pieces.

Inventory:

Hand Weapons
 f - a +0 morningstar
 k - a +0 flail of draining (weapon)
 F - a +1 hunting sling of freezing
 G - a +0 broad axe
Missiles
 e - 5 boomerangs of dispersal
 m - 28 poisoned darts (quivered)
 n - 92 stones
 s - 10 atropa-tipped darts
 B - 10 boomerangs
 I - 3 throwing nets
 K - 4 javelins
Armour
 b - a +0 leather armour
 c - a +0 kite shield (worn)
 d - the +2 hat of the Bear Spirit (worn) {Spirit, +Rage rN+ Will++}
   (You found it on level 4 of the Dungeon)

   It protects you from negative energy.
   It affects your willpower, your defense against some magical effects.
   It lets you go berserk.
 r - a +2 hat
 w - the +8 plate armour of the Prince of Darkness (worn) {Str+2}
   (You found it on level 5 of the Dungeon)

   It affects your strength (+2).
Magical Staves
 L - an uncursed staff of earth
Jewellery
 h - an amulet of guardian spirit (around neck)
 p - a ring of resist corrosion (left hand)
 v - a ring of protection from cold (right hand)
Wands
 J - a wand of paralysis (5)
Scrolls
 i - 3 scrolls of enchant armour
 j - 3 scrolls of enchant weapon
 l - a scroll of amnesia
 o - 2 scrolls of fog
 y - a scroll of immolation {unknown}
 D - a scroll of teleportation
 E - 6 scrolls of remove curse
 H - 3 scrolls of silence {unknown}
Potions
 a - 2 potions of invisibility {unknown}
 g - 3 potions of attraction
 q - a potion of magic
 u - 3 potions of lignification
 x - 2 potions of cancellation {unknown}
 z - a potion of resistance {unknown}
 A - a potion of brilliance
 C - a potion of flight {unknown}


   Skills:
 + Level 4.0 Fighting
 * Level 8.5 Maces & Flails
 + Level 2.0(3.1) Slings
 + Level 3.7(4.0) Throwing
 + Level 3.6 Armour
 + Level 3.5 Dodging
 + Level 2.1 Shields
 + Level 2.1 Spellcasting
 + Level 3.2 Translocations
 + Level 1.2 Evocations


You had 7 spell levels left.
You knew the following spells:

 Your Spells              Type           Power        Failure   Level
a - Blink                 Tloc           N/A          100%        2
b - Teleport Other        Tloc           10%          100%        3

Your spell library contained the following spells:

 Spells                   Type           Power        Failure   Level
 Beastly Appendage        Tmut           2%           100%        1
 Freeze                   Ice            4%           100%        1
 Wereblood                Tmut           1%           100%        2
 Frozen Ramparts          Ice            2%           100%        3
 Gell's Gravitas          Tloc           5%           100%        3
 Lesser Beckoning         Tloc           5%           100%        3
 Ozocubu's Armour         Ice            1%           100%        3
 Spider Form              Tmut/Pois      0%           100%        3
 Hailstorm                Conj/Ice       1%           100%        4
 Ice Form                 Ice/Tmut       1%           100%        4
 Passage of Golubria      Tloc           N/A          100%        4
 Summon Ice Beast         Ice/Summ       1%           100%        4
 Blade Hands              Tmut           0%           100%        5


Dungeon Overview and Level Annotations

Branches:
Dungeon (7/15)             Temple (1/1) D:5

Altars:
Ashenzari
Cheibriados
Dithmenos
Elyvilon
Fedhas
Gozag
Hepliaklqana
Makhleb
Qazlal
Ru
Sif Muna
Trog
Uskayaw
Vehumet
Wu Jian
Xom
Yredelemnul
Zin
The Shining One

Shops:
D:4 (

Annotations:
D:6 exclusion: statue


Innate Abilities, Weirdness & Mutations

You are resistant to torment.
Your stone body is resilient. (AC +6)
You are immune to poison.
You resist negative energy. (rN+)
You are resistant to electric shocks. (rElec)
You can survive without breathing.
You are immune to petrification.
You are immune to miasma.


Message History

Okay, then.
Okay, then.
Casting: Blink (quite dangerous; 100% risk of failure)
Confirm with . or Enter, or press ? or * to list all spells.
Okay, then.
As you read the scroll of teleportation, it crumbles to dust.
You feel strangely unstable. The killer bee barely misses you.
You block the killer bee's attack. You block the hound's attack.
The killer bee stings you but does no damage.
The killer bee closely misses you. You block the killer bee's attack.
The hound bites you but does no damage.
The killer bee stings you but does no damage.
The killer bee stings you but does no damage.
The killer bee barely misses you.
The killer bee stings you but does no damage.
You block the killer bee's attack. The hound bites you.
* * * LOW HITPOINT WARNING * * *
The killer bee stings you but does no damage.
The killer bee stings you.
You die...

##........## #.<........#
#.)[.......# #.)........#
#..........# ###
##########..........# .<#
#.......###.........## ..#
#..####.##yy.........####
..######.####...@yo...........##
...........##.##.h........###..#
..######...#...#..........####.#
..# ##.##.P.#............##.##
..## #.##...#.................
...# #.###.####......##.......
##.# #.# #.# #############...
#.##########.## ##### #...
#...#...###...###...### ####.#.


You could see a hound, 3 killer bees and an orc priest.

Vanquished Creatures
  An ice beast (D:6)
  A sky beast (D:6)
  An ogre (D:5)
  A centaur (D:5)
  2 bullfrogs
  2 gnoll sergeants (D:5)
  A water moccasin zombie (D:6)
  A scorpion (D:5)
  3 wights (D:5)
  A centaur zombie (D:5)
  A bullfrog zombie (D:6)
  2 gnoll shamans (D:5)
  3 hounds
  A jelly (D:5)
  10 orc wizards
  An orc priest (D:4)
  An iguana (D:4)
  A hound skeleton (D:5)
  Robin (D:4)
  A howler monkey skeleton (D:4)
  45 gnolls
  A white imp (D:7)
  An ooze (D:1)
  A worm (D:5)
  5 leopard geckos
  30 orcs
  5 giant cockroaches
  14 goblins
  9 hobgoblins
  26 jackals
  5 kobolds
  3 quokkas
  3 ball pythons
  4 bats
  6 frilled lizards
  3 leopard gecko skeletons (D:4)
  7 rats
204 creatures vanquished.

Vanquished Creatures (others)
  2 plants (D:5)
2 creatures vanquished.

Grand Total: 206 creatures vanquished

Notes
Turn   | Place    | Note
-------+----------+-------------------------------------------
     0 | D:1      | Elvor the Gargoyle Warper began the quest for the Orb.
     0 | D:1      | Reached XP level 1. HP: 12/12 MP: 3/3
   120 | D:1      | Reached XP level 2. HP: 15/17 MP: 3/5
   137 | D:1      | Learned a level 2 spell: Blink
   955 | D:2      | Reached XP level 3. HP: 21/21 MP: 6/6
  1066 | D:2      | Found a broken altar of Ashenzari.
  1488 | D:2      | Reached skill level 3 in Maces & Flails
  1779 | D:3      | Reached XP level 4. HP: 27/27 MP: 7/7
  2450 | D:4      | Noticed Robin
  2490 | D:4      | Found a hazy altar of Hepliaklqana.
  2790 | D:4      | Found the +2 hat of the Bear Spirit {Spirit, +Rage rN+
                  | Will++}
  2810 | D:4      | Found Xaerut's Weapon Emporium.
  2837 | D:4      | Reached skill level 4 in Maces & Flails
  2837 | D:4      | Reached XP level 5. HP: 29/31 MP: 8/8
  2895 | D:4      | Reached skill level 1 in Throwing
  3109 | D:4      | Reached XP level 6. HP: 15/36 MP: 5/9
  3134 | D:4      | Reached skill level 5 in Maces & Flails
  3208 | D:4      | HP: 1/36 [orc priest/+0 morningstar (8)]
  3665 | D:4      | Killed Robin
  3793 | D:5      | Entered Level 5 of the Dungeon
  3847 | D:5      | HP: 2/54 [gnoll/+0 flail (2)]
  3851 | D:5      | Reached XP level 7. HP: 3/40 MP: 1/10
  4195 | D:5      | Found a staircase to the Ecumenical Temple.
  4201 | Temple   | Entered the Ecumenical Temple
  4504 | D:5      | Got a twisted plate armour
  4525 | D:5      | Identified the +8 plate armour of the Prince of Darkness
                  | {Str+2} (You found it on level 5 of the Dungeon)
  4903 | D:5      | Reached skill level 6 in Maces & Flails
  5273 | D:5      | Reached skill level 1 in Slings
  5286 | D:5      | Reached XP level 8. HP: 28/46 MP: 8/11
  5530 | D:5      | Reached skill level 1 in Evocations
  5587 | D:5      | Reached skill level 7 in Maces & Flails
  6173 | D:5      | Reached skill level 1 in Shields
  6273 | D:5      | Reached XP level 9. HP: 50/52 MP: 12/12
  6280 | D:5      | Reached skill level 8 in Maces & Flails
  6388 | D:6      | Found a white marble altar of Elyvilon.
  6409 | D:6      | Found a radiant altar of Vehumet.
  6884 | D:7      | Learned a level 3 spell: Teleport Other
  6960 | D:6      | HP: 1/52 [hound (3)]
  6961 | D:6      | Slain by a killer bee

Illustrated notes

Levels and vault maps discovered:
D:1:      dpeg_arrival_windows_large_door, layout_basic
D:2:      layout_loops_ring, evilmike_ruin_ashenzari
D:3:      layout_loops_cross, roderic_roman_lattice
D:4:      layout_loops_ring, kennysheep_mini, enter_ossuary_2, serial_shops,
          shop, uniq_robin
D:5:      lemuel_castle_with_subvaults [lemuel_castle_interior_carwin_1],
          layout_loops_cross, minmay_temple_entry_hall
D:6:      layout_rooms, elyvilon_altar_1, vehumet_statue
D:7:      gammafunk_cloud_chamber, layout_basic,
          lemuel_zombie_altar_kikubaaqudgha, moated_statue, bh_walls_and_bars,
          uniq_crazy_yiuf_cottage
Temple:   regret_index_temple_waves

Skill      XL: |  1  2  3  4  5  6  7  8  9 |
---------------+----------------------------+-----
Translocations | 3 |  3.2
Maces & Flails | 3 4 5 6 7 8 |  8.5
Throwing       | 1 2 3 |  3.7
Dodging        | 2 3 |  3.5
Armour         | 2 3 |  3.6
Fighting       | 3 4 |  4.0
Slings         | 1 2 |  2.0
Evocations     | 1 |  1.2
Shields        | 1 2 |  2.1
Spellcasting   | |  2.1

Action                   |  1- 3 |  4- 6 |  7- 9 || total
-------------------------+-------+-------+-------++-------
Melee: Mace              |   140 |   201 |    30 ||   371
       Morningstar       |       |       |   223 ||   223
       Flail             |       |       |   129 ||   129
 Fire: Hunting sling     |       |       |    28 ||    28
Throw: Dart              |       |    58 |    71 ||   129
       Boomerang         |       |       |     3 ||     3
       Throwing net      |       |       |     2 ||     2
 Cast: Blink             |       |     2 |       ||     2
Evoke: Wand              |       |    14 |    31 ||    45
  Use: Scroll            |     5 |     9 |     9 ||    23
       Potion            |       |     4 |     3 ||     7
 Stab: Paralysed         |       |       |     2 ||     2
Armor: Leather armour    |    65 |   105 |   178 ||   348
       Skin              |       |    13 |    13 ||    26
       Plate armour      |       |       |   127 ||   127
Dodge: Dodged            |   101 |   129 |   266 ||   496
Block: Kite shield       |       |       |   105 ||   105
